 Dungeon Crawl Stone Soup version 0.18.1-1-g2f07953 (webtiles) character file.

23857 kspaans the Tortoise (level 12, -1/106 HPs)
             Began as a Minotaur Berserker on May 10, 2016.
             Was the Champion of Trog.
             Slain by an orc warrior
             ... wielding a +0 trident
             ... led by an orc warlord
              (9 damage)
             ... on level 2 of the Orcish Mines on May 11, 2016.
             The game lasted 03:05:50 (16695 turns).

kspaans the Tortoise (Minotaur Berserker)          Turns: 16695, Time: 03:05:51

Health: -1/106     AC: 28    Str: 24    XL:     12   Next: 75%
Magic:  11/11      EV: 10    Int:  4    God:    Trog [******]
Gold:   1438       SH:  0    Dex: 13    Spells: 0 memorised, 11 levels left

rFire  . . .     SeeInvis +     O - +2 longbow (flame)
rCold  . . .     Gourm    .     k - +3 plate armour
rNeg   . . .     Faith    .     (shield currently unavailable)
rPois  .         Spirit   .     (helmet restricted)
rElec  .         Dismiss  .     (no cloak)
rCorr  .         Reflect  .     X - +1 pair of gloves
SustAt .         Harm     .     a - +0 pair of boots {Stlth+}
MR     .....                    (no amulet)
Stlth  ..........               N - ring of see invisible
                                E - +4 ring of protection

@: not resistant to hostile enchantments, extremely unstealthy
A: retaliatory headbutt, horns 2
a: Berserk, Trog's Hand, Brothers in Arms, Burn Spellbooks, Renounce Religion


You were on level 2 of the Orcish Mines.
You worshipped Trog.
Trog was exalted by your worship.
You were not hungry.

You visited 3 branches of the dungeon, and saw 16 of its levels.
You also visited: Sewer.

You collected 1614 gold pieces.
You spent 176 gold pieces at shops.

Inventory:

Hand Weapons
 f - a +1 dagger of protection
 g - a +0 great mace
 m - the +6 dire flail of Trog's Brutal Revenge {holy, rC+ Int+4}
   (Trog gifted it to you on level 13 of the Dungeon)

   It has been blessed by the Shining One to cause great damage to the undead
   and demons.
   It affects your intelligence (+4).
   It protects you from cold.
 F - a +2 antimagic great sword
 O - a +2 longbow of flaming (weapon)
 Q - a +0 battleaxe
 T - a +2 long sword of slicing
Missiles
 o - 375 arrows (quivered)
Armour
 a - a +0 pair of boots of stealth (worn)
 h - a +1 scale mail of fire resistance
 k - a +3 plate armour (worn)
 G - the +1 ring mail of Rotation {*Confuse rN+ rCorr Str+2}
   (You found it in a sewer)

   It affects your strength (+2).
   It protects you from negative energy.
   It protects you from acid and corrosion.
   It may confuse you when you take damage.
 X - a +1 pair of gloves (worn)
Jewellery
 e - an uncursed amulet of magic regeneration
 n - an uncursed ring of sustain attributes
 B - a +5 ring of evasion
 E - a +4 ring of protection (left hand)
 L - an uncursed amulet of the gourmand
 N - a ring of see invisible (right hand)
Wands
 i - a wand of lightning (1/15)
 r - a wand of flame (23/48)
 y - a wand of slowing (42/48)
 H - a wand of disintegration (7/24)
 I - a wand of flame (7/48)
 W - a wand of digging (17/24)
Scrolls
 d - a scroll of recharging
 p - a scroll of blinking
 x - 4 scrolls of magic mapping
 C - 2 scrolls of teleportation
Potions
 b - a potion of brilliance {unknown}
 t - a potion of invisibility
 u - a potion of cure mutation
 z - a potion of lignification
 A - 3 potions of degeneration
 R - 2 potions of cancellation
 S - a potion of mutation
 Z - 2 potions of flight
Miscellaneous
 Y - a disc of storms
Comestibles
 c - 2 bread rations
 j - 3 fruits
 l - 2 meat rations
 q - 4 royal jellies
 v - 2 beef jerkies


   Skills:
 + Level 9.8 Fighting
 - Level 6.1 Long Blades
 - Level 8.3(9.8) Axes
 * Level 8.1(9.7) Maces & Flails
   Level 0.4 Slings
 * Level 10.9 Bows
 * Level 15.3 Armour
 + Level 4.7 Dodging
 - Level 0.6 Stealth
   Level 2.8 Shields
 + Level 0.3 Evocations


You had 11 spell levels left.
You didn't know any spells.

Dungeon Overview and Level Annotations

Branches:
Dungeon (13/15)            Temple (1/1) D:4            Lair (0/8) D:10
    Orc (2/2) D:10
    Elf: Orc:2       Vaults: D:13-14

Altars:
Ashenzari
Cheibriados
Dithmenos
Elyvilon
Fedhas
Gozag
Kikubaaqudgha
Makhleb
Nemelex Xobeh
Okawaru
Pakellas
Qazlal
Ru
Sif Muna
Trog
Vehumet
Xom
Yredelemnul
Zin
The Shining One
Beogh

Shops:
D:9 [   Orc:1 !


Innate Abilities, Weirdness & Mutations

You reflexively headbutt those who attack you in melee.
You have a pair of horns on your head.


Message History

The orcs go into a battle-frenzy!
The orc warrior barely misses you.
Firing (i - inventory):
o - 376 arrows (quivered)
Press: ? - help, Shift-Dir - straight line, f/p - orc warlord
Aim: an orc warlord, wielding an arbalest of velocity and wearing a shiny plate armour (heavily wounded)
You shoot an arrow.
The arrow barely misses the orc warlord.
The arrow hits the orc warrior!
The arrow burns the orc warrior.
The orc warrior is severely wounded.
The orc warrior no longer looks unusually strong.
The orc warrior hits you but does no damage.
The orc warlord shoots a bolt.
The bolt hits you!!
* * * LOW HITPOINT WARNING * * *
x2 The orc knight roars a battlecry!
The orc warrior goes into a battle-frenzy!
Drink which item? (? for menu, Esc to quit)
You feel better.
The orc warlord shoots a bolt.
The bolt hits you!!
* * * LOW HITPOINT WARNING * * *
x2 The orc warrior hits you from afar with a trident!
You die...

.............. ....
................... .#
#...........#...... ....#
#.................. #....
##..................
#...##......#............
.....#..#................
#..........<........... .
#....#@..##............ #.##.##
. #..o(#.##.............
...#.#.#.###o.#..#............#.
........##..oo....#.............
..........o.o....#...##.......#.
..........o##...#....##.#.....##
........o..###.###........#.....
........T.## ##......##....#....
...#...(#.## #............##.##.


You could see an orc warlord, an orc knight, a troll, 4 orc warriors and 2 orc
priests.

Vanquished Creatures
  A satyr (shapeshifter) (D:13)
  2 tengu warriors
  2 unseen horrors (D:11)
  4 hill giants
  2 deep elf magi (D:13)
  A griffon (D:13)
  An orc sorcerer (Orc:2)
  2 cyclopes
  A centaur zombie (D:13)
  A komodo dragon (D:10)
  3 trolls
  A two-headed ogre (Orc:1)
  3 slime creatures (D:13)
  2 water elementals (D:12)
  A vampire (D:12)
  2 wyverns
  9 yaks
  8 hippogriffs
  A vampire mosquito (D:13)
  A warg (Orc:2)
  Menkaure (D:5)
  2 mottled dragons
  16 orc warriors
  An ice beast (D:11)
  A black bear (D:8)
  Purgy (Sewer)
  4 phantoms
  A wasp (D:10)
  4 sky beasts
  14 ogres
  15 centaurs
  2 crocodiles
  5 big kobolds
  A gnoll sergeant (D:7)
  8 giant frogs
  2 wyvern zombies (D:13)
  A water moccasin zombie (D:10)
  6 scorpions
  3 killer bees (D:13)
  3 electric eels (D:12)
  15 howler monkeys
  25 wights
  4 crimson imps
  A giant frog zombie (D:5)
  2 quasits
  8 hounds
  17 orc priests
  14 jellies
  17 orc wizards
  A centaur skeleton (D:12)
  3 gnoll shamans (D:8)
  Natasha (thrice) (D:2)
  A giant frog skeleton (D:7)
  2 iguanas
  Ijyb (D:2)
  10 worker ants
  4 sheep (D:12)
  2 killer bee zombies
  A hound skeleton (D:6)
  A howler monkey skeleton (D:5)
  12 adders
  13 gnolls
  5 shadow imps
  9 oozes
  An adder skeleton (D:6)
  An adder zombie (D:9)
  4 worms
  3 dart slugs
  9 giant geckos
  64 orcs
  8 bats
  7 giant cockroaches
  11 goblins
  4 hobgoblins
  5 jackals
  36 kobolds
  5 quokkas
  A ball python (D:1)
  2 giant newts
  6 rats
  A plant (D:8)
478 creatures vanquished.

Vanquished Creatures (others)
  4 fungi (D:8)
  4 plants
8 creatures vanquished.

Grand Total: 486 creatures vanquished

Notes
Turn   | Place    | Note
--------------------------------------------------------------
     0 | D:1      | kspaans the Minotaur Berserker began the quest for the Orb.
     0 | D:1      | Reached XP level 1. HP: 19/19 MP: 0/0
   325 | D:1      | Reached XP level 2. HP: 27/27 MP: 1/1
   923 | D:2      | Reached XP level 3. HP: 22/33 MP: 2/2
   934 | D:2      | Found a stormy altar of Qazlal.
   962 | D:2      | Noticed Natasha
   968 | D:2      | Killed Natasha
   968 | D:2      | Reached skill level 3 in Armour
   977 | D:2      | Reached ** piety under Trog
  1106 | D:2      | Reached XP level 4. HP: 16/41 MP: 3/3
  1310 | D:2      | Noticed Natasha
  1570 | D:2      | Killed Natasha
  1726 | D:2      | Noticed Ijyb
  1736 | D:2      | Killed Ijyb
  1736 | D:2      | Reached skill level 4 in Armour
  1736 | D:2      | Reached XP level 5. HP: 44/47 MP: 4/4
  1803 | D:2      | Noticed Natasha
  1808 | D:2      | Killed Natasha
  1808 | D:2      | Reached skill level 5 in Maces & Flails
  2291 | D:3      | Reached *** piety under Trog
  2297 | D:3      | Found a glowing drain.
  2302 | Sewer    | Entered a sewer
  2369 | Sewer    | Noticed Purgy
  2378 | Sewer    | Killed Purgy
  2378 | Sewer    | Reached skill level 1 in Axes
  2378 | Sewer    | Reached skill level 5 in Armour
  2378 | Sewer    | Reached XP level 6. HP: 55/55 MP: 5/5
  2384 | Sewer    | Got a dazzling ring mail
  2552 | D:3      | Found an opulent altar of Gozag.
  2553 | D:3      | Found an iron altar of Okawaru.
  2568 | D:3      | Found a glowing silver altar of Zin.
  3213 | D:4      | Reached skill level 5 in Fighting
  3265 | D:4      | Reached skill level 6 in Armour
  3496 | D:4      | Reached XP level 7. HP: 61/61 MP: 6/6
  3498 | D:4      | Reached **** piety under Trog
  3760 | D:4      | Found a staircase to the Ecumenical Temple.
  3775 | Temple   | Entered the Ecumenical Temple
  3882 | D:4      | Reached skill level 1 in Shields
  4034 | D:4      | Reached skill level 7 in Armour
  4073 | D:4      | Found a snail-covered altar of Cheibriados.
  4193 | D:5      | Entered Level 5 of the Dungeon
  4200 | D:5      | Noticed a hippogriff
  4249 | D:5      | Found a shadowy altar of Dithmenos.
  4264 | D:5      | Killed a hippogriff
  4264 | D:5      | Reached XP level 8. HP: 64/69 MP: 7/7
  4378 | D:5      | Noticed Menkaure
  4547 | D:5      | Killed Menkaure
  4547 | D:5      | Reached skill level 5 in Axes
  4547 | D:5      | Reached skill level 8 in Armour
  5120 | D:6      | Identified the +1 ring mail of Rotation {*Confuse rN+ rCorr Str+2} (You found it in a sewer)
  5228 | D:6      | Reached skill level 9 in Armour
  5895 | D:6      | Reached XP level 9. HP: 75/75 MP: 8/8
  6362 | D:7      | Reached skill level 10 in Armour
  7280 | D:7      | Reached ***** piety under Trog
  7801 | D:8      | Reached skill level 11 in Armour
  7852 | D:8      | Received a gift from Trog
  7852 | D:8      | Reached XP level 10. HP: 77/88 MP: 9/9
  8014 | D:8      | Reached skill level 1 in Bows
  9257 | D:9      | Found Kileun's Armour Shoppe.
  9297 | D:9      | Found a blossoming altar of Fedhas.
  9642 | D:9      | Found an ancient bone altar of Kikubaaqudgha.
  9688 | D:10     | Entered Level 10 of the Dungeon
  9688 | D:10     | Found a sacrificial altar of Ru.
  9709 | D:10     | Reached skill level 5 in Bows
  9793 | D:10     | Found a staircase to the Lair.
  9819 | D:10     | Reached skill level 12 in Armour
 10001 | D:10     | Found a staircase to the Orcish Mines.
 10008 | D:10     | Found a roughly hewn altar of Beogh.
 10286 | D:10     | Reached skill level 1 in Long Blades
 10322 | D:10     | Received a gift from Trog
 10704 | D:10     | Noticed a hill giant
 10710 | D:10     | Killed a hill giant
 10710 | D:10     | Reached XP level 11. HP: 74/95 MP: 10/10
 10948 | D:11     | Noticed a hill giant
 10954 | D:11     | Killed a hill giant
 10954 | D:11     | Reached skill level 13 in Armour
 11314 | D:11     | Noticed an unseen horror
 11319 | D:11     | Killed an unseen horror
 11698 | D:11     | Noticed an unseen horror
 11708 | D:11     | Killed an unseen horror
 11803 | D:11     | Reached skill level 14 in Armour
 11847 | D:11     | Received a gift from Trog
 12409 | D:12     | Noticed a tengu warrior
 12447 | D:11     | Killed a tengu warrior
 12453 | D:11     | Reached skill level 5 in Long Blades
 12686 | D:12     | Received a gift from Trog
 13518 | D:12     | Received a gift from Trog
 13764 | D:12     | Received a gift from Trog
 13770 | D:12     | Noticed a hill giant
 14092 | D:11     | Reached XP level 12. HP: 58/105 MP: 11/11
 15101 | D:13     | Noticed a tengu warrior
 15105 | D:13     | Killed a tengu warrior
 15105 | D:13     | Reached skill level 15 in Armour
 15278 | D:13     | Reached ****** piety under Trog
 15317 | D:13     | Noticed a satyr
 15326 | D:13     | Killed a satyr
 15334 | D:13     | Received a gift from Trog
 15336 | D:13     | Got a steaming dire flail {god gift}
 15345 | D:13     | Identified the +6 dire flail of Trog's Brutal Revenge {holy, rC+ Int+4} (Trog gifted it to you on level 13 of the Dungeon)
 15994 | D:13     | Reached skill level 10 in Bows
 16161 | Orc:1    | Entered Level 1 of the Orcish Mines
 16161 | Orc:1    | Found Pesegih's Distillery.
 16168 | Orc:1    | Bought a potion of curing for 48 gold pieces
 16168 | Orc:1    | Bought a potion of invisibility for 128 gold pieces
 16544 | Orc:2    | Entered Level 2 of the Orcish Mines
 16657 | Orc:2    | Noticed an orc warlord
 16695 | Orc:2    | Slain by an orc warrior

Skill      XL: |  1  2  3  4  5  6  7  8  9 10 11 12 |
---------------+-------------------------------------+-----
Maces & Flails | 4 5 6 7 8 |  8.1
Fighting       | 4 5 6 7 8 9 |  9.8
Armour         | 3 4 5 6 7 9 11 12 14 15 | 15.3
Axes           | 1 3 4 5 8 |  8.3
Shields        | 2 |  2.8
Dodging        | 3 4 |  4.7
Bows           | 5 7 10 | 10.9
Long Blades    | 2 5 6 |  6.1
Slings         | |  0.4
Stealth        | |  0.6
Evocations     | |  0.3

Action                   |  1- 3 |  4- 6 |  7- 9 | 10-12 || total
-------------------------+-------+-------+-------+-------++-------
Melee: Mace              |    91 |    13 |       |       ||   104
       Headbutt          |     7 |    34 |    70 |   149 ||   260
       Hand axe          |       |   143 |     2 |       ||   145
       Flail             |       |       |   128 |       ||   128
       Battleaxe         |       |       |   161 |    43 ||   204
       Morningstar       |       |       |    21 |       ||    21
       Dire flail        |       |       |    16 |       ||    16
       Long sword        |       |       |       |   569 ||   569
 Fire: Hunting sling     |       |    22 |    16 |       ||    38
       Longbow           |       |       |       |   278 ||   278
Invok: Berserk           |     1 |     5 |     8 |    12 ||    26
       Burn Spellbooks   |       |     1 |     2 |     3 ||     6
Evoke: Wand              |       |       |       |     9 ||     9
  Use: Scroll            |     1 |       |    17 |    17 ||    35
       Potion            |       |     1 |     9 |     5 ||    15
  Eat: Chunk             |     1 |     1 |     8 |     3 ||    13
       Bread ration      |     1 |       |     1 |     1 ||     3
       Meat ration       |       |     2 |     1 |     2 ||     5
       Fruit             |       |       |     4 |     1 ||     5
       Beef jerky        |       |       |     2 |     1 ||     3
       Royal jelly       |       |       |     1 |     8 ||     9
       Pizza             |       |       |       |     1 ||     1
Armor: Plate armour      |    88 |   109 |   288 |   715 ||  1200
Dodge: Dodged            |    50 |    66 |   151 |   607 ||   874
Block: Shield            |       |     4 |    75 |       ||    79
